 Dungeon Crawl Stone Soup version 0.29.1-12-g30fa7ad0bf (webtiles) character file.

Game seed: 13845632633630877778

54576 ThatPearl the Warmonger (level 14, -4/118 HPs)
             Began as a Demonspawn Gladiator on Jan 9, 2023.
             Was a High Priest of Okawaru.
             Slain by a naga warrior
             ... wielding a +0 halberd
              (22 damage)
             ... on level 1 of the Snake Pit.
             The game lasted 01:19:01 (18623 turns).

ThatPearl the Warmonger (Demonspawn Gladiator)     Turns: 18623, Time: 01:19:02

Health: -4/118     AC: 35    Str: 19    XL:     14   Next: 35%
Magic:  25/25      EV: 13    Int: 12    God:    Okawaru [*****.]
Gold:   2687       SH: 12    Dex: 16    Spells: 9/13 levels left

rFire   + . .      SeeInvis .   f - +10 war axe of Vugiodwy {pain, rF+ rCorr Str+3}
rCold   . . .      Faith    .   e - +2 buckler
rNeg    . . .      Spirit   .   I - +3 acid dragon scales
rPois   .          Reflect  .   c - +0 helmet
rElec   .          Harm     .   L - +0 cloak
rCorr   +          Rampage  .   U - +2 pair of gloves
Will    +....                   r - +1 pair of boots {Fly}
Stlth   +.........              i - amulet of regeneration
HPRegen 1.09/turn               x - +4 ring of protection
MPRegen 0.19/turn               S - +4 ring of protection

@: sanguine armoured, flying, constricted
A: claws 2, (demonic guardian 2), sanguine armour 2, condensation shield
a: Renounce Religion, Heroism, Finesse, Duel


You were on level 1 of the Snake Pit.
You worshipped Okawaru.
Okawaru was extremely pleased with you.
You visited 6 branches of the dungeon, and saw 23 of its levels.
You also visited: Ossuary.

You collected 2767 gold pieces.
You spent 80 gold pieces at shops.

Inventory:

Hand Weapons
 a - a +3 dagger of venom
 b - a +0 battleaxe of draining
 f - the +10 war axe of Vugiodwy (weapon) {pain, rF+ rCorr Str+3}
   (You found it on level 3 of the Lair of Beasts)

   In the hands of one skilled in necromantic magic, it inflicts extra damage on
   living creatures.
   Str:       It affects your strength (+3).
   rF:        It protects you from fire.
   rCorr:     It protects you from acid and corrosion.
 y - a +3 spectral quarterstaff
 K - the +6 hand axe of Cuxyfo {antimagic, rC++ Will+}
   (You found it on level 4 of the Dungeon)

   It reduces the magical energy of the wielder, and disrupts the spells and
   magical abilities of those it strikes.
   Natural abilities and divine invocations are not affected.
   rC:        It greatly protects you from cold.
   Will:      It increases your willpower.
Missiles
 d - 2 throwing nets
 m - 23 boomerangs (quivered)
Armour
 c - a +0 helmet (worn)
 e - a +2 buckler (worn)
 r - a +1 pair of boots of flying (worn)
 I - +3 acid dragon scales (worn)
 L - a +0 cloak (worn)
 U - a +2 pair of gloves (worn)
Magical Staves
 H - a staff of cold
Jewellery
 i - an amulet of regeneration (around neck)
 q - a +6 ring of intelligence
 v - a ring of protection from fire
 x - a +4 ring of protection (left hand)
 M - a ring of wizardry
 S - a +4 ring of protection (right hand)
 W - a ring of ice
Wands
 w - a wand of quicksilver (4)
 D - a wand of iceblast (25)
 Q - a wand of flame (6)
 T - a wand of polymorph (7)
 Y - a wand of mindburst (11)
Scrolls
 g - 2 scrolls of blinking
 k - 7 scrolls of teleportation
 l - 3 scrolls of enchant weapon
 n - 2 scrolls of poison
 o - a scroll of enchant armour
 s - 5 scrolls of fear
 B - a scroll of torment {unknown}
 E - a scroll of identify
 V - a scroll of silence {unknown}
 X - 2 scrolls of magic mapping {unknown}
 Z - 5 scrolls of amnesia
Potions
 h - 4 potions of lignification
 j - 15 potions of curing
 p - 3 potions of resistance {unknown}
 t - 5 potions of attraction
 u - 9 potions of flight
 z - 3 potions of might
 A - 3 potions of ambrosia
 C - 4 potions of haste
 F - 3 potions of heal wounds {unknown}
 G - a potion of invisibility
 J - 4 potions of cancellation {unknown}
 O - 3 potions of berserk rage
 P - 4 potions of mutation
 R - 3 potions of brilliance {unknown}


   Skills:
 + Level 13.2 Fighting
 + Level 12.4 Axes
 - Level 1.7 Throwing
 + Level 4.8 Armour
 - Level 10.0 Dodging
 + Level 6.4 Shields
 - Level 15.0 Invocations


You had 9 spell levels left.
You knew the following spells:

 Your Spells              Type           Power      Damage    Failure   Level
b - Blink                 Tloc           0%         N/A       63%         2
w - Wereblood             Tmut           0%         N/A       63%         2

Your spell library contained the following spells:

 Spells                   Type           Power      Damage    Failure   Level
 Magic Dart               Conj           0%         1d3       47%         1
 Poisonous Vapours        Pois/Air       0%         N/A       63%         2
 Scorch                   Fire           0%         2d5       63%         2
 Sublimation of Blood     Necr           0%         N/A       63%         2
 Confusing Touch          Hex            0%         N/A       85%         3
 Dazzling Flash           Conj/Hex       0%         N/A       85%         3
 Lesser Beckoning         Tloc           0%         N/A       85%         3
 Mephitic Cloud           Conj/Pois/Air  0%         N/A       85%         3
 Portal Projectile        Hex/Tloc       0%         N/A       85%         3
 Corpse Rot               Necr/Pois/Air  0%         N/A       99%         4
 Flame Wave               Conj/Fire      0%         2d4       99%         4
 Hailstorm                Conj/Ice       0%         3d3       99%         4
 Ice Form                 Ice/Tmut       0%         N/A       99%         4
 Leda's Liquefaction      Hex/Erth       0%         N/A       99%         4
 Petrify                  Tmut/Erth      0%         N/A       99%         4
 Agony                    Necr           0%         N/A       100%        5
 Alistair's Intoxication  Tmut/Pois      0%         N/A       100%        5
 Blade Hands              Tmut           0%         N/A       100%        5
 Borgnjor's Vile Clutch   Necr/Erth      0%         N/A       100%        5
 Irradiate                Conj/Tmut      0%         3d11      100%        5
 Manifold Assault         Tloc           0%         N/A       100%        5
 Metabolic Englaciation   Hex/Ice        0%         N/A       100%        5
 Silence                  Hex/Air        0%         N/A       100%        5
 Yara's Violent Unravell  Hex/Tmut       0%         3d3       100%        5
 Eringya's Noxious Bog    Tmut/Pois      0%         N/A       100%        6
 Statue Form              Tmut/Erth      0%         N/A       100%        6
 Dragon Form              Tmut           0%         N/A       100%        7
 Enfeeble                 Hex            0%         N/A       100%        7
 Call Imp                 Summ           Unusable   N/A       N/A         2
 Call Canine Familiar     Summ           Unusable   N/A       N/A         3
 Simulacrum               Ice/Necr       Unusable   N/A       N/A         6
 Summon Cactus Giant      Summ           Unusable   N/A       N/A         6
 Summon Hydra             Summ           Unusable   N/A       N/A         7

Dungeon Overview and Level Annotations

Branches:
Dungeon (13/15)            Temple (1/1) D:4            Lair (5/5) D:8
  Swamp (1/4) Lair:2        Snake (1/4) Lair:2        Slime (0/5) Lair:4
    Orc (2/2) D:11            Elf (0/3) Orc:2        Vaults (0/5) D:13
Ossuary (visited)

Altars:
Ashenzari
Cheibriados
Dithmenos
Fedhas
Gozag
Hepliaklqana
Kikubaaqudgha
Makhleb
Nemelex Xobeh
Okawaru
Qazlal
Ru
Sif Muna
Trog
Uskayaw
Vehumet
Wu Jian
Xom
Yredelemnul

Shops:
D:4 (   D:12 *   Orc:2 ((!:

Annotations:
Lair:2 2 runed translucent doors, FizzleBangTC's ghost, journeyman MeEE
Lair:4 1 runed translucent door, ctx's ghost, journeyman GnEE


Innate Abilities, Weirdness & Mutations

You have very sharp fingernails.
((A demonic guardian rushes to your aid.))
When seriously injured, your blood forms thick armour. (AC +9)
A meltable shield of frost defends you. (SH +4)


Message History

The shock serpent bites you but does no damage.
The black mamba completely misses you.
Unknown command.
You feel sick. You block the shock serpent's attack.
You feel sick.
The shock serpent bites you but does no damage.
You block the black mamba's attack. The shock serpent barely misses you.
The black mamba attacks as you move away!
You block the black mamba's attack.
You feel sick. You block the anaconda's attack. The anaconda bites you.
There is a staircase back to the Lair here.
You feel sick.
You are no longer poisoned.
The anaconda barely misses you. The anaconda completely misses you.
The shock serpent misses you.
The black mamba bites you but does no damage.
The anaconda grabs you.
You stop ascending the stairs.
You block the anaconda's attack. The anaconda constricts you.
You escape the anaconda's grasp.
The naga no longer looks unusually strong.
The black mamba bites you! The shock serpent barely misses you.
The anaconda grabs you.
You stop ascending the stairs.
You block the anaconda's attack. The anaconda constricts you.
The black mamba bites you but does no damage.
Unknown command.
You escape the anaconda's grasp.
You block the shock serpent's attack. You block the black mamba's attack.
The anaconda grabs you.
You stop ascending the stairs.
The anaconda barely misses you. The anaconda constricts you.
The shock serpent closely misses you. The naga hits you but does no damage.
Unknown command.
The anaconda's grasp on you weakens, but your attempt to escape fails.
The black mamba bites you!
The anaconda bites you but does no damage.
The anaconda constricts you.
The shock serpent shoots out a bolt of lightning at you!
The bolt of electricity hits you!!
* * * LOW HITPOINT WARNING * * *
The naga warrior hits you from afar with a +0 halberd!!
You die...

.... .........
....###........
.....#...$...#
............#
............# .
#...........##..
#.......(......
#....@S.......
###...SSN.......
.......N........
......)...#####.
...####)### ..
#.. . ....
...... ....###


You could see a naga warrior, an anaconda, a shock serpent, a black mamba and a
naga.

Vanquished Creatures
  Saint Roka (Arena)
  A boulder beetle (Lair:1)
  8 vault guards (D:13)
  Harold (D:9)
  Fannar (Lair:2)
  A catoblepas (D:9)
  2 two-headed ogres
  5 hydras
  2 naga warriors (Snake:1)
  An anaconda (Snake:1)
  5 death yaks (Lair:4)
  4 orc high priests (Orc:2)
  A deep elf pyromancer (D:12)
  5 orc knights
  A mana viper (shapeshifter) (D:9)
  2 ugly things
  Pikel (D:7)
  5 orc sorcerers
  2 cyclopes (D:12)
  4 elephants (Lair:3)
  A guardian serpent (Lair:2)
  A black mamba (Lair:3)
  7 cane toads
  Maggie (D:7)
  2 gargoyles
  2 rime drakes
  4 komodo dragons
  An unseen horror (D:12)
  A kobold demonologist (D:9)
  8 trolls
  A hornet (D:9)
  3 blink frogs (Lair:1)
  A snapping turtle (D:9)
  Sigmund (D:3)
  Eustachio (D:5)
  2 wraiths
  5 yaks (Lair:2)
  2 wyverns
  2 shadows (D:12)
  5 basilisks
  2 steam dragons
  5 vampire mosquitoes (Lair:2)
  3 wargs (Orc:2)
  16 water moccasins
  2 acid dragons
  46 orc warriors
  An ice beast (D:3)
  2 black bears
  11 centaurs
  9 wolves
  13 ogres
  3 lemures
  A kobold brigand (D:9)
  Blork the orc (D:5)
  13 bullfrogs
  A gnoll sergeant (D:10)
  A necrophage (D:5)
  3 scorpions
  4 wights (D:10)
  22 killer bees
  2 howler monkeys
  2 jellies (D:6)
  2 gnoll boudas
  38 orc priests
  3 hounds
  Crazy Yiuf (D:7)
  Jessica (D:2)
  Ijyb (D:3)
  15 orc wizards
  6 iguanas
  A mummy (Ossuary)
  8 gnolls
  An adder (D:2)
  2 ufetubi
  3 dart slugs
  3 worms (D:4)
  103 orcs
  7 endoplasms
  4 giant cockroaches
  6 goblins
  7 hobgoblins
  8 jackals
  3 quokkas
  6 ball pythons
  7 bats
  3 frilled lizards
  5 gnoll skeletons (Ossuary)
  11 kobolds
  9 kobold skeletons (Ossuary)
  11 orc skeletons (Ossuary)
  6 rats
548 creatures vanquished.

Vanquished Creatures (others)
  15 fungi
  33 plants
  2 withered plants (D:1)
50 creatures vanquished.

Grand Total: 598 creatures vanquished

Notes
Turn   | Place    | Note
-------+----------+-------------------------------------------
     0 | D:1      | ThatPearl the Demonspawn Gladiator began the quest for the
                  | Orb.
     0 | D:1      | Reached XP level 1. HP: 16/16 MP: 1/1
   316 | D:1      | Gained mutation: When seriously injured, your blood forms
                  | armour. (AC +9) [demonic ancestry]
   316 | D:1      | Reached XP level 2. HP: 16/23 MP: 2/2
   919 | D:1      | Gained mutation: When seriously injured, your blood forms
                  | thick armour. (AC +9) [demonic ancestry]
   919 | D:1      | Reached XP level 3. HP: 28/28 MP: 3/3
  1055 | D:1      | Found a faded altar of an unknown god.
  1872 | D:2      | Noticed Jessica
  1878 | D:2      | Killed Jessica
  1879 | D:2      | Reached XP level 4. HP: 25/35 MP: 4/4
  1909 | D:2      | Identified the +1 spear of Yllegis {speed, rPois rC- Will+
                  | Dex+9}
  2002 | D:2      | You fall into a shaft and drop 1 floor!
  2187 | D:3      | Noticed Sigmund
  2670 | D:3      | Noticed an ice beast
  2685 | D:3      | Killed an ice beast
  2686 | D:3      | Reached XP level 5. HP: 22/42 MP: 5/5
  2791 | D:3      | Killed Sigmund
  2792 | D:3      | Gained mutation: A meltable shield of frost defends you.
                  | (SH +4) [demonic ancestry]
  2792 | D:3      | Reached XP level 6. HP: 31/49 MP: 6/6
  2833 | D:3      | Noticed Ijyb
  2840 | D:3      | Killed Ijyb
  3245 | D:4      | Noticed a moth of wrath
  3248 | D:4      | Found a bloodstained altar of Trog.
  3261 | D:4      | Identified the +6 hand axe of Cuxyfo {antimagic, rC++
                  | Will+}
  3271 | D:4      | Found Ofrupho's Weapon Shop.
  3450 | D:4      | Reached skill level 5 in Fighting
  3450 | D:4      | Reached skill level 5 in Axes
  3599 | D:4      | Found a staircase to the Ecumenical Temple.
  3608 | Temple   | Entered the Ecumenical Temple
  3810 | Temple   | Became a worshipper of Warmaster Okawaru
  3958 | D:4      | Reached XP level 7. HP: 56/56 MP: 2/7
  3988 | D:4      | Found a hazy altar of Hepliaklqana.
  3988 | D:4      | Found a sparkling altar of Nemelex Xobeh.
  4264 | D:5      | Entered Level 5 of the Dungeon
  4409 | D:5      | Noticed Eustachio
  4423 | D:5      | Killed Eustachio
  4461 | D:5      | Noticed Blork the orc
  4482 | D:5      | Killed Blork the orc
  4483 | D:5      | Reached skill level 1 in Invocations
  4873 | D:5      | Reached skill level 2 in Invocations
  4873 | D:5      | Reached XP level 8. HP: 64/64 MP: 3/9
  5137 | D:6      | Reached * piety under Okawaru
  5138 | D:6      | Reached skill level 5 in Dodging
  5138 | D:6      | Reached skill level 3 in Invocations
  5208 | D:6      | Found a sand-covered staircase.
  5256 | Ossuary  | Entered an ossuary
  5337 | Ossuary  | Reached skill level 4 in Invocations
  5896 | D:7      | Noticed Maggie
  5898 | D:7      | Noticed Pikel
  5997 | D:6      | Reached ** piety under Okawaru
  6041 | D:7      | Reached skill level 5 in Invocations
  6092 | D:7      | Found a radiant altar of Vehumet.
  6104 | D:7      | Gained mutation: You have sharp fingernails. [demonic
                  | ancestry]
  6104 | D:7      | Reached XP level 9. HP: 70/72 MP: 4/12
  6124 | D:7      | Killed Maggie
  6162 | D:7      | Killed Pikel
  6163 | D:7      | Reached skill level 6 in Invocations
  6573 | D:7      | Found a runed translucent door.
  6574 | D:7      | Noticed Crazy Yiuf
  6582 | D:7      | Killed Crazy Yiuf
  6647 | D:7      | Reached *** piety under Okawaru
  6873 | D:8      | Found a snail-covered altar of Cheibriados.
  6888 | D:8      | Found an opulent altar of Gozag.
  6927 | D:8      | Reached skill level 7 in Invocations
  7283 | D:8      | Found a staircase to the Lair.
  7442 | Lair:1   | Entered Level 1 of the Lair of Beasts
  7464 | Lair:1   | Reached **** piety under Okawaru
  7465 | Lair:1   | Gained mutation: You have very sharp fingernails. [demonic
                  | ancestry]
  7465 | Lair:1   | Reached XP level 10. HP: 80/80 MP: 5/15
  7600 | D:9      | Reached skill level 8 in Invocations
  7813 | D:9      | Noticed Harold
  7891 | D:9      | Reached ***** piety under Okawaru
  7944 | D:9      | Noticed a catoblepas
  7945 | D:9      | Noticed a cane toad
  7951 | D:9      | a cane toad changed into a komodo dragon
  8124 | D:9      | Noticed a swamp dragon
  8144 | D:9      | Paralysed by a hornet for 1 turns
  8146 | D:9      | Noticed a mana viper
  8146 | D:9      | a swamp dragon changed into a mana viper
  8171 | D:9      | Killed a mana viper
  8211 | D:9      | Killed a catoblepas
  8212 | D:9      | Reached skill level 9 in Invocations
  8321 | D:9      | Killed Harold
  8453 | D:9      | Noticed a two-headed ogre
  8461 | D:9      | a two-headed ogre changed into a snapping turtle
  8486 | D:9      | Received a gift from Okawaru
  8588 | D:9      | Found a sacrificial altar of Ru.
  8613 | D:10     | Entered Level 10 of the Dungeon
  8687 | D:10     | Gained mutation: A weak demonic guardian rushes to your
                  | aid. [demonic ancestry]
  8687 | D:10     | Reached XP level 11. HP: 80/89 MP: 6/18
  9598 | D:11     | Noticed a two-headed ogre
  9615 | D:11     | Killed a two-headed ogre
  9616 | D:11     | Reached skill level 10 in Invocations
  9658 | D:11     | Noticed a green ugly thing
  9682 | D:11     | Killed a green ugly thing
 10026 | Lair:1   | Identified a scroll of acquirement
 10026 | Lair:1   | Acquired 1046 gold pieces
 10096 | Lair:1   | Reached skill level 10 in Fighting
 10145 | Lair:1   | Noticed a boulder beetle
 10190 | Lair:1   | Killed a boulder beetle
 10641 | Lair:2   | Reached ****** piety under Okawaru
 10655 | Lair:2   | Found a staircase to the Snake Pit.
 10775 | Lair:2   | Reached skill level 11 in Invocations
 10820 | Lair:2   | Received a gift from Okawaru
 10891 | Lair:2   | Found a large runed translucent door.
 10891 | Lair:2   | Found a large runed translucent door.
 10895 | Lair:2   | Noticed FizzleBangTC's ghost (journeyman MeEE)
 10946 | Lair:2   | Noticed a six-headed hydra
 10964 | Lair:2   | Killed a six-headed hydra
 11064 | Lair:2   | Reached skill level 10 in Axes
 11081 | Lair:2   | Reached XP level 12. HP: 99/99 MP: 20/20
 11081 | Lair:2   | Found a staircase to the Swamp.
 11466 | Lair:2   | Noticed Fannar
 11487 | Lair:2   | Killed Fannar
 11810 | Lair:3   | Reached skill level 12 in Invocations
 12140 | Lair:3   | Identified the +10 war axe of Vugiodwy {pain, rF+ rCorr
                  | Str+3}
 12439 | Lair:3   | Reached skill level 10 in Dodging
 12916 | Lair:3   | Noticed a seven-headed hydra
 12940 | Lair:3   | Killed a seven-headed hydra
 12941 | Lair:3   | Reached skill level 1 in Shields
 13288 | Lair:4   | Received a gift from Okawaru
 13558 | Lair:4   | Found a staircase to the Slime Pits.
 13606 | Lair:4   | Noticed a death yak
 13606 | Lair:4   | Noticed a death yak
 13615 | Lair:4   | Noticed a death yak
 13615 | Lair:4   | Noticed a death yak
 13617 | Lair:4   | Noticed a death yak
 13621 | Lair:4   | Killed a death yak
 13627 | Lair:4   | Killed a death yak
 13628 | Lair:4   | Reached skill level 13 in Invocations
 13634 | Lair:4   | Killed a death yak
 13640 | Lair:4   | Killed a death yak
 13641 | Lair:4   | Killed a death yak
 13708 | Lair:4   | Noticed ctx's ghost (journeyman GnEE)
 13747 | Lair:4   | Noticed a seven-headed hydra
 13748 | Lair:4   | Noticed a five-headed hydra
 13829 | Lair:5   | Entered Level 5 of the Lair of Beasts
 13949 | Lair:4   | Killed a ten-headed hydra
 13999 | Lair:4   | Killed a seven-headed hydra
 13999 | Lair:4   | Received a gift from Okawaru
 14101 | Lair:4   | Found a runed translucent door.
 14273 | Lair:5   | Gained mutation: A demonic guardian rushes to your aid.
                  | [demonic ancestry]
 14273 | Lair:5   | Reached XP level 13. HP: 95/107 MP: 21/23
 14547 | D:11     | Learned a level 2 spell: Blink
 14550 | D:11     | Learned a level 2 spell: Wereblood
 14633 | D:11     | Found a staircase to the Orcish Mines.
 15288 | D:12     | Found Ydia's General Store.
 15877 | D:13     | Found a gate to the Vaults.
 15894 | D:13     | Reached skill level 1 in Armour
 15932 | D:13     | Reached skill level 14 in Invocations
 16082 | Orc:1    | Entered Level 1 of the Orcish Mines
 16090 | Orc:1    | Received a gift from Okawaru
 16361 | Orc:2    | Entered Level 2 of the Orcish Mines
 16401 | Orc:2    | Reached skill level 5 in Shields
 16873 | Orc:2    | Paralysed by an orc sorcerer for 2 turns
 16995 | Orc:2    | Found Cozobuco's Distillery.
 17016 | Orc:2    | Bought a potion of berserk rage for 80 gold pieces
 17022 | Orc:2    | Found Noumen's Book Shop.
 17112 | Orc:2    | Identified the +1 pair of boots of the Gusle {+Inv}
                  | (Okawaru gifted it to you on level 2 of the Orcish Mines)
 17112 | Orc:2    | Received a gift from Okawaru
 17664 | Orc:2    | Reached XP level 14. HP: 95/116 MP: 25/25
 17743 | Orc:2    | Found a staircase to the Elven Halls.
 17889 | Orc:2    | Noticed Saint Roka
 17897 | Arena    | Entered the Arena
 17922 | Arena    | Killed Saint Roka
 17961 | Orc:2    | Reached skill level 15 in Invocations
 17961 | Orc:2    | Found Zybbajan's Antique Weapon Boutique.
 18118 | Orc:2    | Found Byxafam's Weapon Shop.
 18563 | Swamp:1  | Entered Level 1 of the Swamp
 18596 | Snake:1  | Entered Level 1 of the Snake Pit
 18623 | Snake:1  | Slain by a naga warrior

Illustrated notes

Levels and vault maps discovered:
D:1:      psy_arrival_radial01, layout_basic,
          shapermc_ecumenical_altar_flowoftime, chequers_big_river,
          solitary_fountain
D:2:      layout_loops_corners, kennysheep_another_room, hex_large, uniq_jessica
D:3:      layout_basic, kennysheep_generic_room_9, uniq_ijyb, uniq_sigmund
D:4:      layout_loops_ring, tgw_trog, gammafunk_temple_overflow_pools,
          minmay_temple_entry_junction, serial_shops, nicolae_lakefront_shop
D:5:      layout_basic, uniq_blork_the_orc, uniq_eustachio
D:6:      layout_rooms, lightli_ossuary_entry_decrepit_ruins
D:7:      layout_rooms, nicolae_overflow_crystal_walls,
          minmay_stone_trees_large, uniq_maggie, uniq_crazy_yiuf_cottage,
          uniq_pikel
D:8:      layout_basic, kennysheep_slug_shrine, grunt_gozag_breadcrumbs
D:9:      kennysheep_blocky_room, layout_rooms, nicolae_ru_the_path_less_chosen,
          uniq_harold
D:10:     layout_gridville
D:11:     layout_roguey, orc_0_dummy, minivault_25
D:12:     layout_layer_cave, serial_shops, nicolae_shop_advertising_works
          [nicolae_subvault_shop_adworks]
D:13:     layout_basic, erik_vaults_2, uniq_lodul
Temple:   regret_index_temple_generic_petals
Lair:1:   layout_long_grid, minmay_holes
Lair:2:   layout_regular_city, minmay_swamp_entry_swarm,
          minmay_snake_entry_spellcaster, ebering_ghost_disaster_area,
          infiniplex_staircase_pool_2, uniq_fannar
Lair:3:   cheibrodos_lair_river_kwai, layout_layer_cave
Lair:4:   layout_small_grid, dpeg_slime_entry_enclosed,
          hellmonk_ghost_happy_afterlife
Lair:5:   evilmike_catoblepas_cave, layout_hall_layers, nzn_sisyphean_effort
Swamp:1:  nicolae_swamp_wrong_neighborhood, layout_basic_swamp,
          hangedman_swamp_ruin_wall
Snake:1:  layout_cave_shapes
Orc:1:    layout_diamond_mine
Orc:2:    pubby_orc_utopia

Skill      XL: |  1  2  3  4  5  6  7  8  9 10 11 12 13 14 |
---------------+-------------------------------------------+-----
Axes           | 3 4 5 6 7 8 10 11 12 | 12.4
Fighting       | 3 4 5 6 7 8 9 10 11 12 13 | 13.2
Dodging        | 3 4 5 6 8 9 10 | 10.0
Invocations    | 2 5 7 9 11 13 14 15 | 15.0
Shields        | 3 5 6 |  6.4
Armour         | 3 4 |  4.8
Throwing       | |  1.7

Action                   |  1- 3 |  4- 6 |  7- 9 | 10-12 | 13-15 || total
-------------------------+-------+-------+-------+-------+-------++-------
Melee: War axe           |   124 |    81 |       |   157 |   662 ||  1024
       Punch             |     1 |       |     6 |    18 |       ||    25
       Hand axe          |       |    36 |   403 |   347 |       ||   786
       Battleaxe         |       |       |       |   268 |       ||   268
       Dagger            |       |       |       |    88 |       ||    88
       Quarterstaff      |       |       |       |       |     4 ||     4
Throw: Throwing net      |       |     1 |     1 |       |       ||     2
       Boomerang         |       |       |     4 |     2 |       ||     6
Invok: Heroism           |       |       |       |    13 |     3 ||    16
       Finesse           |       |       |       |     4 |     1 ||     5
       Duel              |       |       |       |       |     1 ||     1
Evoke: Wand              |       |       |       |     3 |       ||     3
  Use: Scroll            |       |       |    15 |     9 |       ||    24
       Potion            |       |       |       |     1 |       ||     1
 Stab: Sleeping          |       |     3 |       |       |       ||     3
       Petrified         |       |       |       |     2 |       ||     2
       Paralysed         |       |       |       |       |     1 ||     1
Armor: Leather armour    |    41 |    23 |       |       |       ||    64
       Robe              |       |    11 |       |       |       ||    11
       Ring mail         |       |     2 |   107 |       |       ||   109
       Acid dragon scale |       |       |    62 |   422 |   212 ||   696
Dodge: Dodged            |    79 |    56 |   254 |   670 |   304 ||  1363
Block: Other             |       |     8 |    63 |   124 |     4 ||   199
       Buckler           |       |       |       |   113 |   364 ||   477
